 Dungeon Crawl Stone Soup version 0.22-b1-59-g0aedee7 (webtiles) character file.

623 troglodite the Slasher (level 7, -1/82 HPs)
             Began as a Demonspawn Berserker on Aug 9, 2018.
             Was a Believer of Trog.
             Slain by an orc warrior
             ... wielding a +0 battleaxe
              (13 damage)
             ... on level 4 of the Dungeon.
             The game lasted 00:07:39 (3311 turns).

troglodite the Slasher (Demonspawn Berserker)       Turns: 3311, Time: 00:07:40

Health: -1/82      AC: 13    Str: 22    XL:     7   Next: 22%
Magic:  7/7        EV: 12    Int:  8    God:    Trog [**....]
Gold:   140        SH:  0    Dex: 15    Spells: 6/6 levels left

rFire    . . .     SeeInvis .   a - +0 falchion
rCold    . . .     Gourm    .   (no shield)
rNeg     . . .     Faith    .   t - +0 chain mail
rPois    .         Spirit   .   (helmet restricted)
rElec    .         Reflect  .   (no cloak)
rCorr    .         Harm     .   (no gloves)
MR       .....                  m - +0 pair of boots
Stlth    ..........             (no amulet)
HPRegen  0.23/turn              r - +3 ring of evasion
MPRegen  0.10/turn              q - +3 ring of protection

@: berserking, very quick
A: antennae 1, claws 2, talons 1, powered by death 2
a: Berserk, Trog's Hand, Renounce Religion


You were on level 4 of the Dungeon.
You worshipped Trog.
Trog was pleased with you.
You were hungry.

You visited 1 branch of the dungeon, and saw 4 of its levels.

You collected 140 gold pieces.

Inventory:

Hand Weapons
 a - a +0 falchion (weapon)
Armour
 m - a +0 pair of boots (worn)
 t - a +0 chain mail (worn)
Jewellery
 n - a +1 ring of protection
 q - a +3 ring of protection (right claw)
 r - a +3 ring of evasion (left claw)
Scrolls
 b - a scroll of enchant weapon {unknown}
 d - 3 scrolls of remove curse
 e - 7 scrolls of identify
 i - 2 scrolls of magic mapping {unknown}
 l - 2 scrolls of teleportation {unknown}
Potions
 h - 3 potions of resistance
 j - a potion of lignification {unknown}
 k - a potion of berserk rage {unknown}
 o - 2 potions of degeneration {unknown}
 p - a potion of invisibility {unknown}
 s - 2 potions of might
Comestibles
 c - 10 rations
 g - 2 chunks of flesh


   Skills:
 * Level 4.7 Fighting
 + Level 5.0 Long Blades
 * Level 4.1 Armour
 * Level 3.0 Dodging
 + Level 0.5 Stealth


You had 6 spell levels left.
You didn't know any spells.
Your spell library was empty.

Dungeon Overview and Level Annotations

Branches:
Dungeon (4/15)
 Temple: D:4-7

Altars:
Ashenzari
Dithmenos
Hepliaklqana
Kikubaaqudgha
Ru
Xom


Innate Abilities, Weirdness & Mutations

You have a pair of small antennae on your head.
You have very sharp fingernails.
You have sharp toenails.
You regenerate health from kills.


Message History

The orc hits you but does no damage. The centaur misses you.
You riposte.
You slash the centaur!
The centaur is heavily wounded.
The orc priest hits you with a mace.
You slash the orc priest!
You kill the orc priest!
Trog accepts your kill.
Your Long Blades skill increases to level 5!
The orc warrior hits you with a battleaxe!!
* * * LOW HITPOINT WARNING * * *
The centaur barely misses you.
You slash the orc warrior!
The orc warrior is heavily wounded.
The orc barely misses you. The centaur hits you.
* * * LOW HITPOINT WARNING * * *
Unknown command.
You hit the orc warrior.
The orc warrior is severely wounded.
The orc warrior hits you with a battleaxe!
You die...

.............'.........'.........
.####.#...####.........####...#..
.# #.##.## ##.......## ##..#.. .#
#.#######################.#.. .#
#.# .................# #.... .#
#.# #...#...#...#...######.# ##
#.# ............(.....# .# #.#
#...#.o)#(((#...#.# # ###
.....oc@(.........###
#################...# #.....#.#
###.# #.####...##.#####.# #
...............##.##.#
#.#####.###.##.......# #.#
#.#####.#### #.# #.#####.# #.#
#....)..#


You could see an orc warrior, a centaur and an orc.

Vanquished Creatures
  Grinder (D:4)
  2 hounds (D:4)
  2 orc priests (D:4)
  2 centaur skeletons (D:4)
  3 orc wizards (D:4)
  3 worker ants
  A hound skeleton (D:4)
  A gnoll (D:1)
  3 worms
  A dart slug (D:1)
  4 leopard geckos
  7 orcs
  A ball python (D:2)
  A giant cockroach (D:2)
  12 goblins
  6 hobgoblins
  2 jackals (D:2)
  2 quokkas
  A ball python skeleton (D:4)
  4 bats
  3 frilled lizards
  7 kobolds
  4 rats
73 creatures vanquished.

Vanquished Creatures (others)
  A human (D:3)
1 creature vanquished.

Grand Total: 74 creatures vanquished

Notes
Turn   | Place    | Note
-------+----------+-------------------------------------------
     0 | D:1      | troglodite the Demonspawn Berserker began the quest for the Orb.
     0 | D:1      | Reached XP level 1. HP: 18/18 MP: 1/1
    77 | D:1      | Gained mutation: You have sharp fingernails. [demonic ancestry]
    77 | D:1      | Reached XP level 2. HP: 14/24 MP: 2/2
   506 | D:1      | Reached skill level 3 in Long Blades
   533 | D:1      | Reached ** piety under Trog
   539 | D:1      | Gained mutation: You regenerate a little health from kills. [demonic ancestry]
   539 | D:1      | Reached XP level 3. HP: 25/29 MP: 3/3
  1210 | D:2      | Found a hazy altar of Hepliaklqana.
  1454 | D:2      | Gained mutation: You have very sharp fingernails. [demonic ancestry]
  1454 | D:2      | Reached XP level 4. HP: 37/37 MP: 4/4
  1557 | D:2      | Found a sacrificial altar of Ru.
  1558 | D:2      | Found a shattered altar of Ashenzari.
  1559 | D:2      | Found a shadowy altar of Dithmenos.
  1561 | D:2      | Found a shimmering altar of Xom.
  2249 | D:3      | Found an ancient bone altar of Kikubaaqudgha.
  2250 | D:3      | Noticed a human
  2252 | D:3      | Killed a human
  2479 | D:4      | Gained mutation: You have a pair of small antennae on your head. [demonic ancestry]
  2479 | D:4      | Reached XP level 5. HP: 39/42 MP: 5/5
  2785 | D:4      | Gained mutation: You have sharp toenails. [demonic ancestry]
  2785 | D:4      | Reached XP level 6. HP: 44/49 MP: 6/6
  2916 | D:4      | Noticed Grinder
  2917 | D:4      | Paralysed by Grinder for 5 turns
  2932 | D:4      | Killed Grinder
  2932 | D:4      | Reached skill level 4 in Long Blades
  3013 | D:4      | Gained mutation: You regenerate health from kills. [demonic ancestry]
  3013 | D:4      | Reached XP level 7. HP: 55/55 MP: 7/7
  3309 | D:4      | Reached skill level 5 in Long Blades
  3311 | D:4      | Slain by an orc warrior

Skill      XL: |  1  2  3  4  5  6  7 |
---------------+----------------------+-----
Armour         | 2 3 4 |  4.1
Long Blades    | 3 4 5 |  5.0
Dodging        | 2 3 |  3.0
Fighting       | 4 |  4.7
Stealth        | |  0.5

Action                   |  1- 3 |  4- 6 |  7- 9 || total
-------------------------+-------+-------+-------++-------
Melee: Falchion          |   136 |   137 |    25 ||   298
Invok: Berserk           |     1 |     4 |     1 ||     6
  Use: Scroll            |       |     3 |       ||     3
  Eat: Chunk             |     3 |     8 |     2 ||    13
Armor: Ring mail         |    50 |    47 |     2 ||    99
       Animal skin       |     1 |       |       ||     1
       Chain mail        |       |       |     9 ||     9
Dodge: Dodged            |    98 |   102 |    25 ||   225
       Rpst.: Falchion   |    28 |    40 |     5 ||    73
